 Dungeon Crawl Stone Soup version 0.27-a0-1312-g5cdb2b3542 (webtiles) character file.

Game seed: 14731414361008796449

948 ipx the Conjurer (level 7, -3/36 HPs)
             Began as a Deep Elf Fire Elementalist on June 19, 2021.
             Was an Initiate of Vehumet.
             Slain by a vampire mosquito (5 damage)
             ... on level 6 of the Dungeon.
             The game lasted 00:22:17 (1589 turns).

ipx the Conjurer (Deep Elf Fire Elementalist)       Turns: 1589, Time: 00:22:18

Health: -3/36      AC:  4    Str:  5    XL:     7   Next: 89%
Magic:  6/13       EV: 12    Int: 22    God:    Vehumet [......]
Gold:   168        SH:  0    Dex: 15    Spells: 4/12 levels left

rFire    . . .     SeeInvis .   (no weapon)
rCold    . . .     Faith    .   (no shield)
rNeg     . . .     Spirit   .   a - +0 robe
rPois    .         Reflect  .   (no helmet)
rElec    .         Harm     .   n - +0 cloak
rCorr    .         Rampage  .   (no gloves)
Will     .....                  s - +0 pair of boots
Stlth    +++.......             (no amulet)
HPRegen  0.12/turn              (no ring)
MPRegen  0.13/turn              (no ring)

@: no status effects
A: no striking features
a: Renounce Religion


You were on level 6 of the Dungeon.
You worshipped Vehumet.
Vehumet was noncommittal.
You visited 2 branches of the dungeon, and saw 7 of its levels.

You collected 168 gold pieces.

Inventory:

Hand Weapons
 d - a +2 whip of electrocution
Missiles
 f - 7 curare-tipped darts (quivered)
Armour
 a - a +0 robe (worn)
 n - a +0 cloak (worn)
 s - a +0 pair of boots (worn)
Magical Staves
 q - a staff of cold
Jewellery
 p - a ring of ice
Scrolls
 b - a scroll of teleportation {unknown}
 c - a scroll of enchant weapon {unknown}
 j - 2 scrolls of blinking {unknown}
 k - a scroll of silence {unknown}
 m - 2 scrolls of vulnerability
 r - a scroll of torment {unknown}
 t - 2 scrolls of noise
Potions
 e - a potion of degeneration
 g - 2 potions of flight
 h - a potion of haste
 i - a potion of mutation {unknown}
 l - a potion of lignification {unknown}
 o - a potion of resistance {unknown}


   Skills:
 - Level 2.0 Throwing
 - Level 2.4 Dodging
 - Level 5.0 Stealth
 - Level 3.0 Spellcasting
 * Level 7.1 Conjurations
 + Level 6.2 Fire Magic


You had 4 spell levels left.
You knew the following spells:

 Your Spells              Type           Power      Damage    Failure   Level
c - Conjure Flame         Conj/Fire      32%        6-21      2%          3
t - Sticky Flame          Conj/Fire      32%        2d5       8%          4
z - Foxfire               Conj/Fire      100%       2x1d9     1%          1

Your spell library contained the following spells:

 Spells                   Type           Power      Damage    Failure   Level
 Inner Flame              Hex/Fire       16%        N/A       11%         3
 Animate Skeleton         Necr           6%         N/A       12%         1
 Pain                     Necr           12%        1d4       12%         1
 Vampiric Draining        Necr           1%         2d6       36%         3
 Animate Dead             Necr           1%         N/A       77%         4
 Fireball                 Conj/Fire      16%        3d8       22%         5
 Agony                    Necr           3%         N/A       98%         5


Dungeon Overview and Level Annotations

Branches:
Dungeon (7/15)             Temple (1/1) D:7

Altars:
Ashenzari
Dithmenos
Fedhas
Gozag
Okawaru
Sif Muna
Uskayaw
Vehumet
Wu Jian
The Shining One


Message History

The vampire mosquito is almost destroyed.
The foxfire hits the vampire mosquito but does no damage.
The vampire mosquito is almost destroyed.
The foxfire hits the vampire mosquito.
The vampire mosquito is almost destroyed.
The vampire mosquito bites you but does no damage.
The vampire mosquito barely misses you.
Casting: Foxfire (safe; 1% risk of failure)
Confirm with . or Enter, or press ? or * to list all spells.
You conjure some foxfire!
The vampire mosquito bites you!
The vampire mosquito draws strength from your injuries!
The vampire mosquito is engulfed in blazing flames.
The vampire mosquito bites you.
The vampire mosquito draws strength from your injuries!
The foxfire hits the vampire mosquito.
The vampire mosquito is severely damaged.
The foxfire hits the vampire mosquito.
The vampire mosquito is almost destroyed.
The vampire mosquito closely misses you. x2
Casting: Foxfire (safe; 1% risk of failure)
Confirm with . or Enter, or press ? or * to list all spells.
You conjure some foxfire!
The vampire mosquito bites you!
The vampire mosquito draws strength from your injuries!
The vampire mosquito bites you.
The vampire mosquito draws strength from your injuries!
Your magical contamination has completely faded away.
The foxfire hits the vampire mosquito.
The vampire mosquito is almost destroyed.
The foxfire hits the vampire mosquito but does no damage.
The vampire mosquito is almost destroyed.
The vampire mosquito bites you.
* * * LOW HITPOINT WARNING * * *
The vampire mosquito draws strength from your injuries!
The vampire mosquito is engulfed in blazing flames.
The vampire mosquito bites you!
* * * LOW HITPOINT WARNING * * *
The vampire mosquito draws strength from your injuries!
The vampire mosquito closely misses you.
The vampire mosquito bites you.
You die...

#.# . ###.# #. ...#
#. #..# .y #..## .##
.# .#####...# ..#..#
.........####....#
#.y.y..☼....#
#@#.#####.### #.#.# #
#.#.# #.#.# #.#.#
############ ##.#.#
...........# ##....#
##########.###.....##
#.##.......#


You could see 2 vampire mosquitoes.

Vanquished Creatures
  Pikel (D:6)
  A yak (D:4)
  Eustachio (D:6)
  2 hounds (D:4)
  An iguana (D:7)
  4 adders
  A white imp (D:7)
  2 dart slugs (D:2)
  3 orcs (D:6)
  3 ball pythons
  6 endoplasms
  2 giant cockroaches (D:1)
  5 goblins
  4 hobgoblins
  2 quokkas
  6 bats
  A jackal skeleton (D:4)
  3 kobolds
  3 rats
51 creatures vanquished.

Vanquished Creatures (others)
  172 foxfires
172 creatures vanquished.

Grand Total: 223 creatures vanquished

Notes
Turn   | Place    | Note
-------+----------+-------------------------------------------
     0 | D:1      | ipx the Deep Elf Fire Elementalist began the quest for the
                  | Orb.
     0 | D:1      | Reached XP level 1. HP: 10/10 MP: 6/6
   195 | D:1      | Reached skill level 2 in Conjurations
   195 | D:1      | Reached XP level 2. HP: 15/15 MP: 5/8
   388 | D:2      | Reached XP level 3. HP: 19/19 MP: 5/9
   470 | D:2      | Learned a level 3 spell: Conjure Flame
   566 | D:2      | Reached skill level 1 in Throwing
   599 | D:2      | Reached skill level 3 in Conjurations
   813 | D:3      | Reached XP level 4. HP: 7/24 MP: 6/10
   818 | D:3      | Learned a level 4 spell: Sticky Flame
  1032 | D:4      | Noticed a yak
  1032 | D:4      | Noticed a yak
  1032 | D:4      | Noticed a yak
  1054 | D:4      | Killed a yak
  1055 | D:4      | Reached skill level 4 in Conjurations
  1055 | D:4      | Reached XP level 5. HP: 19/28 MP: 1/11
  1085 | D:4      | Reached skill level 5 in Fire Magic
  1085 | D:4      | Reached XP level 6. HP: 24/32 MP: 0/12
  1120 | D:4      | You fall into a shaft and drop 3 floors!
  1124 | D:7      | Noticed a steam dragon
  1196 | D:7      | Found a staircase to the Ecumenical Temple.
  1207 | D:7      | Reached skill level 5 in Conjurations
  1223 | Temple   | Entered the Ecumenical Temple
  1345 | Temple   | Became a worshipper of Vehumet
  1394 | D:6      | Noticed Eustachio
  1408 | D:6      | Killed Eustachio
  1441 | D:6      | Noticed Pikel
  1479 | D:6      | Killed Pikel
  1480 | D:6      | Reached skill level 5 in Stealth
  1480 | D:6      | Reached skill level 7 in Conjurations
  1480 | D:6      | Reached XP level 7. HP: 22/36 MP: 1/13
  1573 | D:6      | Noticed a vampire mosquito
  1573 | D:6      | Noticed a vampire mosquito
  1579 | D:6      | Noticed a vampire mosquito
  1588 | D:6      | HP: 1/36 [vampire mosquito (8)]
  1589 | D:6      | Slain by a vampire mosquito

Illustrated notes

Levels and vault maps discovered:
D:1:      dpeg_arrival_ternary, layout_basic, kennysheep_minor_cross,
          chequers_jeans
D:2:      layout_basic, minmay_split_cup_large
D:3:      layout_basic
D:4:      layout_loops_cross, old_standard_altar, minmay_mini_ossuary
D:6:      layout_loops_ring, serial_shops, shop, uniq_pikel, uniq_eustachio
D:7:      cheibrodos_fzero, layout_loops_ring, minmay_temple_entry_wispy
Temple:   minmay_temple_curvy_branch

Skill      XL: |  1  2  3  4  5  6 |
---------------+-------------------+-----
Conjurations   | 2 3 4 7 |  7.1
Throwing       | 1 2 |  2.0
Fire Magic     | 4 5 6 |  6.2
Stealth        | 5 |  5.0
Dodging        | |  2.4
Spellcasting   | |  3.0

Action                   |  1- 3 |  4- 6 |  7- 9 || total
-------------------------+-------+-------+-------++-------
Throw: Dart              |       |    12 |       ||    12
 Cast: Foxfire           |    59 |    40 |     5 ||   104
       Conjure Flame     |       |     3 |     1 ||     4
       Sticky Flame      |       |     1 |       ||     1
  Use: Potion            |     2 |       |       ||     2
       Scroll            |       |     3 |       ||     3
Armor: Robe              |     4 |       |     1 ||     5
Dodge: Dodged            |     6 |     4 |     6 ||    16

Table legend: (Time is in decaauts)
 A = Elapsed time spent in this place.
 B = Non-inter-level travel time spent in this place.
 C = Inter-level travel time spent in this place.
 D = Time resting spent in this place.
 E = Time spent auto-exploring this place.
 F = Levels seen in this place.
 G = Mean time per level.
                   A        B        C        D        E       F      G
               +--------+--------+--------+--------+--------+-----+--------+
         Total |   1571 |   1536 |     35 |      0 |      0 |   7 |  224.4 |
       Dungeon |   1423 |   1388 |     35 |      0 |      0 |   6 |  237.2 |
        Temple |    147 |    147 |      0 |      0 |      0 |   1 |  147.0 |
               +--------+--------+--------+--------+--------+-----+--------+

Top non-repeatable levels by time:
     D:1: 353 daAuts
     D:3: 313 daAuts
     D:2: 302 daAuts
     D:6: 199 daAuts
  Temple: 147 daAuts
     D:4: 133 daAuts
     D:7: 121 daAuts
